 Dungeon Crawl Stone Soup version 0.29.1-1-gd02db6906a (webtiles) character file.

Game seed: 531289203498556782

1095 raistware the Conjurer (level 8, -2/46 HPs)
             Began as an Octopode Conjurer on Sept 19, 2022.
             Slain by an iguana (8 damage)
             ... on level 6 of the Dungeon.
             The game lasted 00:10:38 (6248 turns).

raistware the Conjurer (Octopode Conjurer)          Turns: 6248, Time: 00:10:38

Health: -2/46      AC:  1    Str:  7    XL:     8   Next: 31%
Magic:  12/16      EV: 13    Int: 22    God:
Gold:   243        SH:  0    Dex: 10    Spells: 5/18 levels left

rFire   . . .      SeeInvis .   v - +0 quarterstaff
rCold   . . .      Faith    .   (shield currently unavailable)
rNeg    . . .      Spirit   .   (helmet restricted)
rPois   .          Reflect  .   r - amulet of magic regeneration
rElec   .          Harm     .   (no ring)
rCorr   .          Rampage  .   (no ring)
Will    .....                   (no ring)
Stlth   +++.......              (no ring)
HPRegen 0.15/turn               (no ring)
MPRegen 0.55/turn               (no ring)
                                (no ring)
                                (no ring)

@: no status effects
A: almost no armour, amphibious, 8 rings, camouflage 1, gelatinous body 1,
(nimble swimmer 1), tentacles
a: no special abilities


You were on level 6 of the Dungeon.
You visited 1 branch of the dungeon, and saw 6 of its levels.

You collected 243 gold pieces.

Inventory:

Hand Weapons
 v - a +0 quarterstaff (weapon)
Missiles
 q - 6 poisoned darts
 s - a throwing net
 t - 2 silver boomerangs
Jewellery
 r - an amulet of magic regeneration (around mantle)
Wands
 h - a wand of flame (10)
 m - a wand of mindburst (8)
Scrolls
 b - 8 scrolls of identify {unknown}
 e - a scroll of teleportation {unknown}
 f - 2 scrolls of butterflies {unknown}
 i - 2 scrolls of noise {unknown}
 l - a scroll of fear {unknown}
Potions
 a - a potion of magic
 c - a potion of curing
 d - a potion of degeneration {unknown}
 g - a potion of might {unknown}
 j - 2 potions of cancellation {unknown}
 k - a potion of heal wounds
 o - a potion of brilliance {unknown}
 p - 2 potions of flight {unknown}
 u - a potion of attraction {unknown}


   Skills:
 - Level 2.0 Dodging
 - Level 3.0 Stealth
 + Level 5.8 Spellcasting
 * Level 7.3 Conjurations
 - Level 2.0 Translocations
 - Level 3.0 Ice Magic


You had 5 spell levels left.
You knew the following spells:

 Your Spells              Type           Power      Damage    Failure   Level
a - Magic Dart            Conj           100%       1d8       1%          1
b - Iskenderun's Mystic   Conj/Tloc      26%        2d7       14%         4
c - Mephitic Cloud        Conj/Pois/Air  17%        N/A       11%         3
d - Freezing Cloud        Conj/Ice/Air   10%        6-21      54%         5

Your spell library contained the following spells:

 Spells                   Type           Power      Damage    Failure   Level
 Searing Ray              Conj           76%        2d7       1%          2
 Dazzling Flash           Conj/Hex       44%        N/A       6%          3
 Fulminant Prism          Conj/Hex       11%        3d9       21%         4
 Confusing Touch          Hex            6%         N/A       28%         3
 Ignite Poison            Fire/Tmut/Pois 6%         N/A       28%         3
 Inner Flame              Hex/Fire       6%         N/A       28%         3
 Cause Fear               Hex            3%         N/A       67%         4
 Yara's Violent Unravell  Hex/Tmut       3%         3d4       95%         5
 Enfeeble                 Hex            3%         N/A       100%        7
 Discord                  Hex            3%         N/A       100%        8


Dungeon Overview and Level Annotations

Branches:
Dungeon (6/15)
 Temple: D:4-7

Altars:
Cheibriados
Gozag
Kikubaaqudgha
Makhleb
Qazlal
Trog

Shops:
D:3 [

Annotations:
D:4 2 transporters, bear's ghost, amateur GrFi
D:5 3 runed translucent doors, Hyawatha's ghost, amateur MiBe


Innate Abilities, Weirdness & Mutations

You cannot wear most types of armour.
You are amphibious.
You can wear up to eight rings at the same time.
Your skin changes colour to match your surroundings (Stealth+).
Your rubbery body absorbs attacks. (AC +1, EV +1)
((You are camouflaged when in or above water. (Stealth+)))
You have tentacles for arms and can constrict up to eight enemies at once.


Message History

An orc comes into view. It is wielding a +0 hand axe.
The magic dart hits the orc wizard.
The orc wizard is moderately wounded.
The orc shouts!
The orc wizard gestures wildly while chanting.
The orc wizard flickers and vanishes!
Deactivating autopickup; reactivate with Ctrl-A.
The magic dart hits the orc wizard.
The orc wizard is severely wounded.
The orc wizard casts a spell at you. The magic dart hits you.
The iguana hisses menacingly.
The magic dart hits the orc wizard.
The orc wizard is almost dead.
An ice beast comes into view.
The magic dart hits the orc wizard but does no damage.
The orc wizard is almost dead.
Casting: Magic Dart (safe; 1% risk of failure)
Confirm with . or Enter, or press ? or * to list all spells.
The spell is quite dangerous to miscast (14% risk of failure)!
Continue anyway?
You erupt in a blast of force!
The mystic blast hits the orc!
You kill the orc!
The mystic blast hits the orc wizard!
You kill the orc wizard!
Unknown command.
The iguana closely misses you. The iguana attacks as you move away!
The iguana bites you.
A centaur comes into view.
The centaur wields a +0 shortbow.
The centaur shoots an arrow.
The arrow closely misses you. The orc hits you with a +0 hand axe.
Something hits you.
There is a stone staircase leading up here.
Casting: Iskenderun's Mystic Blast (quite dangerous; 14% risk of failure)
Confirm with . or Enter, or press ? or * to list all spells.
You don't know that spell.
The centaur shoots an arrow.
The arrow hits you!
The centaur shoots an arrow.
The arrow hits you!
* * * LOW HITPOINT WARNING * * *
The orc misses you. The iguana bites you!
You die...

#... ## #... ###
. #.... .. .###
#....####.#...?.
..........#.....
................
......{......^..
....Y)o@l.......
....))..........
................
................
................
................
................
c...............


You could see an ice beast, a centaur, an iguana and an orc.

Vanquished Creatures
  Sigmund (D:2)
  2 ogres
  A phantom (D:4)
  Blork the orc (D:4)
  2 scorpions (D:4)
  2 hounds (D:5)
  2 jellies (D:5)
  4 iguanas
  4 orc wizards
  4 adders
  2 white imps (D:5)
  2 ufetubi (D:5)
  2 worms
  3 dart slugs
  18 orcs
  4 ball pythons
  3 bats (D:3)
  7 endoplasms
  2 giant cockroaches
  12 goblins
  7 hobgoblins
  4 frilled lizards
  8 kobolds
  5 rats
102 creatures vanquished.

Notes
Turn   | Place    | Note
-------+----------+-------------------------------------------
     0 | D:1      | raistware the Octopode Conjurer began the quest for the
                  | Orb.
     0 | D:1      | Reached XP level 1. HP: 11/11 MP: 3/3
   223 | D:1      | Reached XP level 2. HP: 17/17 MP: 0/5
   821 | D:1      | Reached XP level 3. HP: 21/21 MP: 5/7
  1049 | D:1      | Found a faded altar of an unknown god.
  1202 | D:2      | Learned a level 3 spell: Mephitic Cloud
  1813 | D:2      | Noticed Sigmund
  1821 | D:2      | Killed Sigmund
  1822 | D:2      | Reached XP level 4. HP: 27/27 MP: 1/10
  1822 | D:2      | Reached XP level 5. HP: 31/31 MP: 1/11
  1827 | D:2      | Learned a level 4 spell: Iskenderun's Mystic Blast
  1833 | D:2      | Learned a level 5 spell: Freezing Cloud
  2318 | D:3      | Reached XP level 6. HP: 36/36 MP: 10/12
  2848 | D:3      | Reached skill level 5 in Conjurations
  3098 | D:3      | Found Kabbayqi's Antique Armour Shoppe.
  3174 | D:4      | Noticed bear's ghost (amateur GrFi)
  3175 | D:4      | Found a transporter.
  3339 | D:4      | Identified the +9 hand axe of Yredelemnul's Envy {protect,
                  | Will+ Str+4}
  3612 | D:4      | Reached skill level 1 in Ice Magic
  3807 | D:4      | Reached skill level 5 in Spellcasting
  3807 | D:4      | Reached XP level 7. HP: 41/41 MP: 3/14
  4108 | D:4      | Reached skill level 6 in Conjurations
  4448 | D:4      | Found a snail-covered altar of Cheibriados.
  4448 | D:4      | Noticed Blork the orc
  4470 | D:4      | Killed Blork the orc
  4671 | D:4      | Found an ancient bone altar of Kikubaaqudgha.
  4674 | D:4      | Found a stormy altar of Qazlal.
  4674 | D:4      | Found an opulent altar of Gozag.
  4681 | D:4      | Found a bloodstained altar of Trog.
  4681 | D:4      | Found a burning altar of Makhleb.
  4781 | D:4      | Found a transporter.
  4819 | D:5      | Entered Level 5 of the Dungeon
  5055 | D:5      | Reached XP level 8. HP: 46/46 MP: 11/16
  5382 | D:5      | Reached skill level 7 in Conjurations
  5449 | D:5      | Found a runed translucent gate.
  5452 | D:5      | Found a runed translucent gate.
  5453 | D:5      | Found a runed translucent gate.
  5454 | D:5      | Noticed Hyawatha's ghost (amateur MiBe)
  6248 | D:6      | Slain by an iguana

Illustrated notes

Levels and vault maps discovered:
D:1:      saegor_arrival_fortress, layout_basic,
          hellmonk_ecumenical_altar_inner_sanctum
D:2:      layout_loops_ring, dreamdust_princess_corridor,
          minmay_misc_feat_square, nrook_uturn, uniq_sigmund
D:3:      layout_basic, serial_shops, nicolae_shop_advertising_works
          [nicolae_subvault_shop_adworks]
D:4:      layout_loops_corners, minmay_overflow_temple_hex,
          gammafunk_ghost_smash, uniq_blork_the_orc
D:5:      layout_gridville, gammafunk_ghost_nasty_kobolds, minmay_liquid_box
D:6:      layout_basic, cheibrodos_ashenzari_chains, minmay_temple_entry_trees

Skill      XL: |  1  2  3  4  5  6  7  8 |
---------------+-------------------------+-----
Spellcasting   | 3 4 5 |  5.8
Translocations | 2 |  2.0
Stealth        | 3 |  3.0
Conjurations   | 5 6 7 |  7.3
Ice Magic      | 1 2 3 |  3.0
Dodging        | |  2.0

Action                   |  1- 3 |  4- 6 |  7- 9 || total
-------------------------+-------+-------+-------++-------
Melee: Unarmed           |     5 |     9 |       ||    14
       Tentacles         |     1 |     3 |     2 ||     6
       Constrict         |     1 |     2 |     5 ||     8
       Punch             |     1 |       |       ||     1
       Falchion          |       |       |    16 ||    16
 Cast: Magic Dart        |    58 |    78 |   101 ||   237
       Mephitic Cloud    |     1 |       |       ||     1
       Iskenderun's Myst |       |     3 |     6 ||     9
Evoke: Wand              |     2 |       |     1 ||     3
  Use: Potion            |       |     1 |       ||     1
Armor: Skin              |       |     1 |     2 ||     3
Dodge: Dodged            |     7 |    12 |    26 ||    45
